 Dungeon Crawl Stone Soup version 0.30-a0-1157-g2cc9ac7196 (webtiles) character file.

Game seed: 2696565399871728135

380 backslashecho the Grave Robber (level 6, -8/40 (46) HPs)
             Began as a Demonspawn Necromancer on Apr 24, 2023.
             Mangled by a hell rat (10 damage)
             ... in a sewer.
             The game lasted 00:14:02 (4054 turns).

backslashecho the Grave Robber (DsNe)               Turns: 4054, Time: 00:14:03

HP:   -8/40 (46)    AC:  7    Str: 10    XL:     6   Next: 46%
MP:   7/9           EV: 11    Int: 16    God:
Gold: 169           SH:  0    Dex: 14    Spells: 8/9 levels left

rFire   + . .        a - +3 whip (drain)
rCold   + . .        (no shield)
rNeg    . . .        e - +1 leather armour
rPois   .            (no helmet)
rElec   .            q - scarf {rC+ rF+}
rCorr   .            (no gloves)
SInv    .            (no boots)
Will    .....        d - amulet of the acrobat
Stlth   ++           (no ring)
HPRegen 0.26/turn    (no ring)
MPRegen 0.11/turn

%: acrobat
@: heavily drained
A: molten scales 2, spiny 1
a: no special abilities


You were in a sewer.
You visited 1 branch of the dungeon, and saw 5 of its levels.
You also visited: Sewer.

You collected 169 gold pieces.

Inventory:

Hand Weapons
 a - a +3 whip of draining (weapon)
Armour
 e - a +1 leather armour (worn)
 q - a scarf of resistance (worn)
Jewellery
 d - an amulet of the acrobat (around neck)
Scrolls
 h - 4 scrolls of identify
 j - a scroll of enchant armour
 k - a scroll of magic mapping
 l - 3 scrolls of blinking {unknown}
 m - a scroll of vulnerability {unknown}
 o - 2 scrolls of fog {unknown}
 p - 6 scrolls of teleportation {unknown}
Potions
 b - 3 potions of magic
 f - a potion of invisibility {unknown}
 g - a potion of ambrosia {unknown}
 i - 2 potions of curing {unknown}
 n - 2 potions of haste
 r - a potion of flight {unknown}
 s - a potion of attraction {unknown}
 t - a potion of brilliance {unknown}
 u - 2 potions of heal wounds {unknown}


   Skills:
 + Level 2.8 Fighting
 * Level 3.1 Maces & Flails
 + Level 1.8 Armour
 - Level 2.0 Dodging
 - Level 2.0 Stealth
 - Level 1.0 Unarmed Combat
 - Level 2.0 Spellcasting
 + Level 5.7 Necromancy


You had 8 spell levels left.
You knew the following spells:

 Your Spells              Type           Power      Damage    Failure   Level
a - Necrotise             Necr           76%        1d7       2%          1

Your spell library contained the following spells:

 Spells                   Type           Power      Damage    Failure   Level
 Vampiric Draining        Necr           19%        2d7       8%          3
 Animate Dead             Necr           19%        N/A       26%         4
 Agony                    Necr           19%        N/A       58%         5
 Portal Projectile        Hex/Tloc       2%         N/A       63%         3
 Tukima's Dance           Hex            1%         N/A       63%         3
 Blade Hands              Tmut           0%         N/A       100%        5


Dungeon Overview and Level Annotations

Branches:
Dungeon (5/15) Zot: 25980   Sewer (1/1) Zot: 5934
 Temple: D:4-7

Altars:
Ashenzari
Okawaru


Innate Abilities, Weirdness & Mutations

You are mostly covered in molten scales. (AC +3)
You are partially covered in sharp spines.


Message History

The hell rat is struck by your spines. The hell rat barely misses you. x2
You hit the hell rat.
The hell rat is almost dead.
The hell rat closely misses you.
Press: ? - help, v - describe, . - travel
Here: a hell rat (almost dead) Some shallow water.
You completely miss the hell rat.
The hell rat is almost dead.
The hell rat splashes around in the water.
You barely miss the hell rat.
The hell rat is almost dead.
The hell rat splashes around in the water.
You barely miss the hell rat. Your punch misses the hell rat.
The hell rat is almost dead.
The hell rat bites you!
You feel drained.
* * * LOW HITPOINT WARNING * * *
You take 21 damage, and have 11/42 hp.
MASSIVE DAMAGE!!
You barely miss the hell rat.
The hell rat is almost dead.
The hell rat bites you!
* * * LOW HITPOINT WARNING * * *
You feel drained.
* * * LOW HITPOINT WARNING * * *
You take 10 damage, and have 1/40 hp.
MASSIVE DAMAGE!!
Okay, then.
Unknown command.
Unknown command.
Press: ? - help, v - describe, . - travel
Here: a hell rat (almost dead) Some shallow water.
Unknown command.
Unknown command.
You closely miss the hell rat.
The hell rat is almost dead.
The hell rat misses you.
You closely miss the hell rat.
The hell rat is almost dead.
The hell rat bites you!
You die...

#..~~~∩~Z...###
#~.~~~#####.~...#
##.Z.###!∩!###~..##
#..~ #.?!)$?~##...#
#.~~ ~~~~~.~~#~~.#
#.~.# ~~~~~.##~~~#
#...###~~~###.~~##
#~~~..##'##~†.~.#
###.†@r~~..~.~###
###.~~...~###
#########


You could see a hell rat.

Vanquished Creatures
  An orc priest (D:3)
  A hound (D:4)
  Terence (D:2)
  A sleepcap (D:4)
  3 gnolls (D:4)
  7 adders
  5 river rats
  2 ufetubi
  A worm (D:2)
  A dart slug (D:4)
  9 orcs
  11 ball pythons
  13 endoplasms
  2 giant cockroaches
  11 goblins
  8 hobgoblins
  3 jackals (D:1)
  3 quokkas
  8 bats
  3 frilled lizards
  5 kobolds
  6 rats
105 creatures vanquished.

Vanquished Creatures (collateral kills)
  An orc (D:3)
  An endoplasm (D:1)
  A jackal (D:1)
  A quokka (D:1)
  A ball python (D:1)
  A bat (D:1)
  3 rats
9 creatures vanquished.

Grand Total: 114 creatures vanquished

Notes
Turn   | Place    | Note
-------+----------+-------------------------------------------
     0 | D:1      | backslashecho the Demonspawn Necromancer began the quest
                  | for the Orb.
     0 | D:1      | Reached XP level 1. HP: 13/13 MP: 3/3
   146 | D:1      | Gained mutation: You are partially covered in molten
                  | scales. (AC +2) [demonic ancestry]
   146 | D:1      | Reached XP level 2. HP: 19/20 MP: 1/5
   376 | D:1      | Reached skill level 1 in Fighting
   644 | D:1      | Found a faded altar of an unknown god.
   732 | D:1      | Reached XP level 3. HP: 26/26 MP: 3/6
  1330 | D:2      | Identified the +0 sling of the Iron City of Dis {elec,
                  | Drain +Blink rPois Dex+5}
  1364 | D:2      | Found an iron altar of Okawaru.
  1719 | D:2      | Reached skill level 1 in Maces & Flails
  1768 | D:2      | Reached skill level 1 in Unarmed Combat
  1768 | D:2      | Gained mutation: You are partially covered in sharp spines.
                  | [demonic ancestry]
  1768 | D:2      | Reached XP level 4. HP: 33/33 MP: 7/7
  1811 | D:2      | Noticed Terence
  1819 | D:2      | Reached skill level 5 in Necromancy
  1826 | D:2      | Killed Terence
  2635 | D:3      | Reached skill level 1 in Armour
  2635 | D:3      | Reached XP level 5. HP: 36/38 MP: 8/8
  3149 | D:4      | Found a broken altar of Ashenzari.
  3605 | D:4      | Gained mutation: You are mostly covered in molten scales.
                  | (AC +3) [demonic ancestry]
  3605 | D:4      | Reached XP level 6. HP: 46/46 MP: 7/9
  3885 | D:5      | Entered Level 5 of the Dungeon
  3992 | D:5      | Found a glowing drain.
  3996 | Sewer    | Entered a sewer
  4052 | Sewer    | HP: 1/40 [hell rat (3)]
  4054 | Sewer    | Mangled by a hell rat

Illustrated notes

Levels and vault maps discovered:
D:1:      dpeg_arrival_rhombi, layout_basic, dreamdust_ecumenical_altar_grove
D:2:      layout_basic, basic_altar, uniq_terence
D:3:      layout_basic
D:4:      layout_cave_pods, nicolae_ashenzari_panopticon, minmay_unequal
D:5:      layout_basic, gup_sewer_entry_spiral, serial_park_tiny_pond
Sewer:    sewer_hellmonk_bad_rat

Skill      XL: |  1  2  3  4  5  6 |
---------------+-------------------+-----
Stealth        | 2 |  2.0
Dodging        | 2 |  2.0
Fighting       | 1 2 |  2.8
Maces & Flails | 1 2 3 |  3.1
Unarmed Combat | 1 |  1.0
Necromancy     | 5 |  5.7
Armour         | 1 |  1.8
Spellcasting   | |  2.0

Action                     |  1- 3 |  4- 6 || total
---------------------------+-------+-------++-------
  Melee: Short sword       |    37 |       ||    37
         Whip              |    59 |   104 ||   163
         Punch             |     1 |       ||     1
   Cast: Necrotise         |    33 |    47 ||    80
    Use: Scroll            |       |     4 ||     4
   Stab: Sleeping          |     5 |     4 ||     9
         Distracted        |     1 |       ||     1
 Armour: Robe              |    17 |       ||    17
         Leather armour    |    27 |    14 ||    41
  Dodge: Dodged            |    77 |    60 ||   137

Table legend: (Time is in decaauts)
 A = Elapsed time spent in this place.
 B = Non-inter-level travel time spent in this place.
 C = Inter-level travel time spent in this place.
 D = Time resting spent in this place.
 E = Time spent auto-exploring this place.
 F = Levels seen in this place.
 G = Mean time per level.
                   A        B        C        D        E       F      G
               +--------+--------+--------+--------+--------+-----+--------+
         Total |   4084 |   3942 |    142 |     44 |   2955 |   6 |  680.7 |
       Dungeon |   4020 |   3878 |    142 |     44 |   2955 |   5 |  804.0 |
         Sewer |     64 |     64 |      0 |      0 |      0 |   1 |   64.0 |
               +--------+--------+--------+--------+--------+-----+--------+

Top non-repeatable levels by time:
     D:1: 1300 daAuts
     D:2: 1108 daAuts
     D:4: 968 daAuts
     D:3: 538 daAuts
     D:5: 103 daAuts
   Sewer: 64 daAuts
